[Event "*** Titled Tuesday Blitz"]
[Site "Chess.com"]
[Date "2020.05.12"]
[Round "4"]
[White "Malev212"]
[Black "okriak"]
[Result "0-1"]
[WhiteElo "2515"]
[BlackElo "2796"]
[TimeControl "180+1"]
[EndTime "10:37:22 PDT"]
[Termination "okriak won by resignation"]

1. e4 e5 2. d4 exd4 3. c3 Qe7 4. cxd4 Qxe4+ 5. Be2 d5 6. Nf3 Nf6 7. O-O Be7 8. Re1 c6 9. Nc3 Qe6 10. Bd3 Qd6 11.
Ne5 O-O 12. Bf4 Qd8 13. Qf3 Be6 14. Re2 Nbd7 15. Rae1 Nxe5 16. dxe5 Nd7 17. Qh5 g6 18. Qh6 Re8 19. Bc1 Bf8 20. Qe3 Bg4 21. Qg3 Bxe2 22. Rxe2 Bg7 23. f4 Nc5 24. Bb1 f5 25. h4 Ne4 26.
Nxe4 dxe4 27. h5 Qd1+ 28. Re1 Qxh5 29. Bc2 Kh8 30. Be3 Rad8 31. Kf2 Bf8 32. Bb3 Be7 0-1

[Event "*** Titled Tuesday Blitz"]
[Site "Chess.com"]
[Date "2020.05.12"]
[Round "4"]
[White "sandropozo"]
[Black "Belka1989"]
[Result "1-0"]
[WhiteElo "2560"]
[BlackElo "2128"]
[TimeControl "180+1"]
[EndTime "10:37:23 PDT"]
[Termination "sandropozo won by resignation"]

1. d4 Nf6 2. Nf3 e6 3. Bf4 c5 4. e3 d5 5. Nbd2 Nc6 6. c3 Nh5 7. Bg5 f6 8. Bh4 g6 9. Bd3 Qb6 10. Rb1 Be7 11. O-O g5 12. Nxg5 Ng7 13. Nxh7 Kf7 14. Qf3 f5 15. Bxe7 Nxe7 16. Ng5+ Kf6 17. Qg3 Ng6 18. Nh3 Rh5 19. Be2 Rh7 20. Qg5+ Kf7 21. Nf3 Bd7 22. Nf4 Nxf4 23. exf4 Rhh8 24. Ne5+ Ke8 25. Qxg7 1-0

[Event "*** Titled Tuesday Blitz"]
[Site "Chess.com"]
[Date "2020.05.12"]
[Round "4"]
[White "David_Paravyan"]
[Black "Slovak_fighter2000"]
[Result "1-0"]
[WhiteElo "2898"]
[BlackElo "2542"]
[TimeControl "180+1"]
[EndTime "10:37:25 PDT"]
[Termination "David_Paravyan won by checkmate"]

1. e4 e6 2. d4 d5 3. Nc3 Nf6 4. e5 Nfd7 5. f4 c5 6. Nf3 Nc6 7. Be3 Be7 8. Qd2 O-O 9. h4 b6 10. h5 Bb7 11. h6 g6 12. Be2 cxd4 13. Nxd4 Nxd4 14. Bxd4 Nc5 15. Qe3 Ne4 16. Nxe4 dxe4 17. O-O Qc7 18. c3 Bc5 19. Rad1 Bxd4 20. Rxd4 Rfd8 21.
Rfd1 Bc6 22. Bf1 Qe7 23. g3 Qf8 24. f5 exf5 25. Bc4 Rxd4 26. Rxd4 Re8 27. Rd6 Bb7 28. Rd7 Re7 29. e6 fxe6 30. Qd4 Bc6 31. Rxe7 Qxe7 32. Bxe6+ Kf8 33. Qh8# 1-0

[Event "*** Titled Tuesday Blitz"]
[Site "Chess.com"]
[Date "2020.05.12"]
[Round "4"]
[White "mfwagnerpeixoto"]
[Black "2L8IWUN"]
[Result "0-1"]
[WhiteElo "2252"]
[BlackElo "2441"]
[TimeControl "180+1"]
[EndTime "10:37:25 PDT"]
[Termination "2L8IWUN won by resignation"]

1. d4 Nf6 2. c4 e6 3. Nc3 d5 4.
Nf3 Nbd7 5. Bf4 dxc4 6. e3 b5 7. Nxb5 Bb4+ 8. Nc3 Nd5 9. Qc2 N7b6 10. Be2 Nxf4 11. exf4 O-O 12. O-O Bb7 13. Rad1 a5 14.
g3 a4 15. a3 Bxc3 16. Qxc3 Qd5 17. Rfe1 Rfd8 18. Qe3 h6 19. Qe5 Ra5 20. Qxc7 Rb5 21.
Rd2 Rc8 22. Qe5 Qxf3 23. Bxf3 Rxe5 24. dxe5 Bxf3 25. Rc1 Bd5 26. Rc3 Nd7 27. Kf1 Nc5 28. Ke1 Ne4 0-1

[Event "*** Titled Tuesday Blitz"]
[Site "Chess.com"]
[Date "2020.05.12"]
[Round "4"]
[White "ViktoriyaTarasova"]
[Black "ajian"]
[Result "1-0"]
[WhiteElo "2214"]
[BlackElo "2368"]
[TimeControl "180+1"]
[EndTime "10:37:25 PDT"]
[Termination "ViktoriyaTarasova won on time"]

1. d4 Nf6 2. c4 e6 3. Nc3 d5 4.
cxd5 Nxd5 5. e4 Nxc3 6. bxc3 c5 7. Rb1 Be7 8. Nf3 O-O 9. Be2 b6 10. O-O Bb7 11. Qd3 Nd7 12. Bf4 Nf6 13. Nd2 cxd4 14. cxd4 Rc8 15. f3 Qd7 16. Be3 Rfd8 17. Qb3 Bc6 18.
Nc4 Ba4 19. Qb2 Qb7 20. Rbc1 Be8 21. Rfd1 b5 22. Ne5 a6 23. a4 Rxc1 24. Rxc1 b4 25. a5 Rc8 26. Nc4 Bb5 27. Nb6 Rxc1+ 28. Bxc1 Bxe2 29.
Qxe2 Bd8 30. Qc4 Be7 31. Bd2 Nd7 32. Bxb4 Bxb4 33. Qxb4 h6 34. Qd6 Nf8 35. h3 g6 36. d5 exd5 37. exd5 Kg7 38. Qe5+ Kh7 39. d6 Nd7 40. Qe7 1-0

[Event "*** Titled Tuesday Blitz"]
[Site "Chess.com"]
[Date "2020.05.12"]
[Round "4"]
[White "AsselLesbekova"]
[Black "reniite"]
[Result "0-1"]
[WhiteElo "2266"]
[BlackElo "1930"]
[TimeControl "180+1"]
[EndTime "10:37:25 PDT"]
[Termination "reniite won by resignation"]

1. e4 c6 2. d4 d5 3. Nd2 dxe4 4. Nxe4 Bf5 5. Ng3 Bg6 6. Nh3 e6 7. Nf4 Nd7 8. h4 e5 9. dxe5 Qa5+ 10. c3 Qxe5+ 11. Be2 O-O-O 12. Qa4 Bc5 13. Bd2 Ngf6 14.
O-O-O Rhe8 15. h5 Be4 16. f3 Bd5 17. c4 Be6 18. h6 g6 19. Bd3 Be3 20. Nfe2 Bxd2+ 21. Rxd2 Kb8 22. f4 Qe3 23. Nf1 Qb6 24. Kb1 Nc5 25. Qc2 Nxd3 26. Rxd3 Rxd3 27. Qxd3 Bf5 28. Qxf5 gxf5 29. Nc3 Ne4 30. Nxe4 Rxe4 31. Nd2 Re2 32. Rd1 Qf2 33. Kc2 Qxg2 34. b3 Qh2 35. b4 Qxf4 0-1

[Event "*** Titled Tuesday Blitz"]
[Site "Chess.com"]
[Date "2020.05.12"]
[Round "4"]
[White "pirulillo"]
[Black "pollo2016"]
[Result "0-1"]
[WhiteElo "2196"]
[BlackElo "2562"]
[TimeControl "180+1"]
[EndTime "10:37:26 PDT"]
[Termination "pollo2016 won by resignation"]

1. e4 c6 2. d4 d5 3. e5 Bf5 4.
Be3 e6 5. c3 Nd7 6. Nd2 c5 7.
Ngf3 Ne7 8. dxc5 Nc6 9. Bb5 Bxc5 10. Bxc5 Nxc5 11. O-O Bd3 12. Bxd3 Nxd3 13. Qe2 Nf4 14. Qe3 Ng6 15. g3 O-O 16. h4 Qb6 17. Qxb6 axb6 18. Rfe1 h5 19. Nb3 Na5 20. Nfd4 Nc4 21. Re2 Ngxe5 22. f4 Nd3 23. Nd2 Ndxb2 24. N2f3 g6 25. Ne5 Nxe5 26. fxe5 Nc4 27. Rb1 Ra3 28. Rb3 Rfa8 29.
Rxa3 Rxa3 30. Rc2 Nxe5 31. Nb5 Ra5 32. Rb2 Nc4 0-1

[Event "*** Titled Tuesday Blitz"]
[Site "Chess.com"]
[Date "2020.05.12"]
[Round "4"]
[White "Lennis93"]
[Black "Ashedu66"]
[Result "1-0"]
[WhiteElo "2373"]
[BlackElo "2121"]
[TimeControl "180+1"]
[EndTime "10:37:26 PDT"]
[Termination "Lennis93 won on time"]

1. e4 e5 2. Nf3 Nc6 3. Nc3 Nf6 4. Bb5 Bb4 5. O-O O-O 6. d3 d6 7. Bg5 Ne7 8. Bxf6 gxf6 9. Nh4 c6 10. Ba4 Ng6 11.
Nf5 Bxc3 12. bxc3 Kh8 13. g3 Rg8 14. Nh6 Rg7 15. Bb3 Be6 16. Kh1 Qd7 17. Qf3 Qe7 18.
a4 Rd8 19. a5 a6 20. Ra4 c5 21. Bd5 Bxd5 22. exd5 Rc8 23. c4 Rc7 24. Ra3 Qd8 25.
Rb3 Nf8 26. Rfb1 Nd7 27. Rxb7 Nf8 28. Rb8 Rc8 29. Rxc8 Qxc8 30. Qxf6 1-0

[Event "*** Titled Tuesday Blitz"]
[Site "Chess.com"]
[Date "2020.05.12"]
[Round "4"]
[White "DDTerziev04"]
[Black "Lion-Al-Messi"]
[Result "0-1"]
[WhiteElo "2278"]
[BlackElo "2452"]
[TimeControl "180+1"]
[EndTime "10:37:27 PDT"]
[Termination "Lion-Al-Messi won by resignation"]

1. e4 e6 2. d4 d5 3. Nc3 Nf6 4. e5 Nfd7 5. f4 c5 6. Be3 cxd4 7. Bxd4 Nc6 8. Nf3 Nxd4 9. Nxd4 a6 10. Qd2 Bc5 11. Nb3 Be7 12. Bd3 b5 13. Ne2 Bb7 14. Ned4 Rc8 15. O-O g6 16. Kh1 Qc7 17. c3 Nb6 18. Qe2 Nc4 19. Rab1 h5 20. Qc2 Ne3 21.
Qf2 Nxf1 22. Rxf1 h4 23. Qf3 h3 24. g3 Kd7 25. Qg4 Rcg8 26. Qf3 Kc8 27. Qe2 Kb8 28. Ra1 Rc8 29. a4 b4 30. Bxa6 bxc3 31. bxc3 Qxc3 32. Qb5 Qxa1+ 0-1

[Event "*** Titled Tuesday Blitz"]
[Site "Chess.com"]
[Date "2020.05.12"]
[Round "4"]
[White "pawel83"]
[Black "zurzan"]
[Result "1-0"]
[WhiteElo "2368"]
[BlackElo "1981"]
[TimeControl "180+1"]
[EndTime "10:37:29 PDT"]
[Termination "pawel83 won on time"]

1. d4 d6 2. Nf3 f5 3. g3 Nf6 4. Bg2 g6 5. O-O Bg7 6. c4 O-O 7. Nc3 c6 8. Bg5 h6 9. Bxf6 Bxf6 10. Qd2 Bg7 11. e4 Nd7 12. Nh4 Qe8 13. exf5 g5 14. Nf3 Rxf5 15. h4 g4 16. Nh2 h5 17. Rae1 e5 18.
Ne4 Qe7 19. dxe5 Rxe5 20. Nxd6 Rxe1 21. Rxe1 Qf6 22. Nxc8 Rxc8 23. Qxd7 Rf8 24. Qe6+ Kh8 25. Qxf6 Bxf6 26. b3 Bd4 27. Re2 Kg7 28. Nf1 Bc5 29. Be4 a5 30. Ne3 Kf6 31. Bc2 b6 32. Nd1 Kg7 33.
Nc3 Rf7 34. Ne4 Bd4 35. Ng5 1-0

[Event "*** Titled Tuesday Blitz"]
[Site "Chess.com"]
[Date "2020.05.12"]
[Round "4"]
[White "dianosky"]
[Black "lamomiablanca"]
[Result "1-0"]
[WhiteElo "2418"]
[BlackElo "2180"]
[TimeControl "180+1"]
[EndTime "10:37:34 PDT"]
[Termination "dianosky won by resignation"]

1. d4 d6 2. c4 e5 3. d5 f5 4.
Nc3 Nf6 5. e3 g6 6. f3 Bg7 7. Bd3 O-O 8. Nge2 c6 9. e4 cxd5 10.
cxd5 a6 11. O-O f4 12. g3 g5 13. Kg2 Rf7 14. h3 Bf8 15. g4 h5 16. Rh1 Rh7 17.
Bd2 Nbd7 18. b4 Nb6 19. a4 Nbd7 20. a5 Be7 21. Nc1 Nf8 22. Be2 Ng6 23. Be1 Bd7 24. Nd3 Qe8 25. Na4 Bd8 26. Ndb2 hxg4 27. hxg4 Rxh1 28.
Kxh1 Qf7 29. Nc4 Qh7+ 30. Kg2 Nh4+ 31. Bxh4 Qxh4 32. Qg1 Rc8 33. Nab2 Bb5 34. Qh2 Qxh2+ 35. Kxh2 Be7 36. Rc1 Kg7 37. Kg2 Ne8 38. Bd3 Bd7 39. Rc2 Ba4 40. Nxa4 1-0

[Event "*** Titled Tuesday Blitz"]
[Site "Chess.com"]
[Date "2020.05.12"]
[Round "4"]
[White "talaicito"]
[Black "larisakalinina"]
[Result "1-0"]
[WhiteElo "2234"]
[BlackElo "2003"]
[TimeControl "180+1"]
[EndTime "10:37:35 PDT"]
[Termination "talaicito won on time"]

1. d4 Nf6 2. Nc3 d6 3. e4 g6 4. Bf4 Bg7 5. Qd2 h6 6. h4 c6 7.
O-O-O b5 8. f3 b4 9. Nce2 a5 10. Kb1 Qb6 11. e5 dxe5 12. Bxe5 Nbd7 13. Nf4 a4 14.
Bc4 Ba6 15. Qd3 b3 16. cxb3 a3 17. Nge2 axb2 18. Nc3 Bxc4 19. Qxc4 Nxe5 20. dxe5 Nh5 21.
e6 Nxf4 22. exf7+ Kf8 23. Na4 Qc7 24. Nc5 1-0

[Event "*** Titled Tuesday Blitz"]
[Site "Chess.com"]
[Date "2020.05.12"]
[Round "4"]
[White "Perecke"]
[Black "annacramling"]
[Result "1-0"]
[WhiteElo "2196"]
[BlackElo "1875"]
[TimeControl "180+1"]
[EndTime "10:37:35 PDT"]
[Termination "Perecke won on time"]

1. e4 c5 2. Nf3 Nc6 3. d4 cxd4 4. Nxd4 a6 5. c4 e5 6. Nb3 Nf6 7. Bd3 d6 8. O-O Be7 9. Nc3 O-O 10. h3 Be6 11. Be3 Rc8 12. Rc1 Nb4 13. Nd5 Nxa2 14. Ra1 Bxd5 15. cxd5 Nb4 16. Bb1 Nd7 17. Qd2 a5 18.
Nxa5 Na6 19. Nxb7 Qc7 20. Na5 Nac5 21. Nc6 Bf6 22. Ra7 Nb7 23. Bd3 Ra8 24. Rfa1 Rxa7 25.
Rxa7 Qc8 26. Ba6 Ndc5 27. Bxc5 dxc5 28. Rxb7 Qa8 29. Qa5 Rc8 30. Qb6 g6 31. Ra7 1-0

[Event "*** Titled Tuesday Blitz"]
[Site "Chess.com"]
[Date "2020.05.12"]
[Round "4"]
[White "MiroVlasenko"]
[Black "Kezin_Roman"]
[Result "0-1"]
[WhiteElo "2609"]
[BlackElo "2789"]
[TimeControl "180+1"]
[EndTime "10:37:36 PDT"]
[Termination "Kezin_Roman won by resignation"]

1. d4 d5 2. Nf3 Nf6 3. e3 c5 4. c3 Nc6 5. dxc5 e6 6. b4 a5 7. Bb5 Bd7 8. a4 axb4 9. Bxc6 Bxc6 10. cxb4 b6 11. Bb2 bxc5 12. b5 Bb7 13. O-O Bd6 14.
Nbd2 O-O 15. Qc2 Nd7 16. a5 Rb8 17. b6 Ba6 18. Rfe1 f5 19. Rad1 Qe7 20. Bc3 g5 21.
Nf1 g4 22. N3d2 h5 23. e4 d4 24. Ba1 Ne5 25. exf5 exf5 26. Ng3 Qg5 27. Nb3 Rbc8 28. Qd2 Qxd2 29. Rxd2 h4 30. Nh5 h3 31. Rdd1 hxg2 32. Kxg2 Bb7+ 33. Kg3 Nf3+ 34. Nf4 Nxe1 35. Rxe1 Rce8 36. Rxe8 Rxe8 37. Nxd4 cxd4 38. Bxd4 Bxf4+ 0-1

[Event "*** Titled Tuesday Blitz"]
[Site "Chess.com"]
[Date "2020.05.12"]
[Round "4"]
[White "CroissantNeuf"]
[Black "Harsha_Bharathakoti"]
[Result "0-1"]
[WhiteElo "2353"]
[BlackElo "2802"]
[TimeControl "180+1"]
[EndTime "10:37:36 PDT"]
[Termination "Harsha_Bharathakoti won by resignation"]

1. Nf3 d5 2. g3 g6 3. Bg2 Bg7 4. O-O e5 5. c4 Ne7 6. cxd5 Nxd5 7. Nc3 Nb6 8. d3 Nc6 9. a3 O-O 10. Rb1 a5 11. b4 axb4 12. axb4 h6 13. b5 Nd4 14. Nd2 Ra7 15. e3 Ne6 16. Nc4 Nxc4 17. dxc4 Nc5 18. Ne4 Qxd1 19. Rxd1 Bf5 20. Nxc5 Bxb1 21.
Bxb7 Bc2 22. Rd2 Bf5 23. Bb2 Ra2 24. Bd5 Bh3 25. Na6 e4 26. Bxg7 Rxd2 0-1

[Event "*** Titled Tuesday Blitz"]
[Site "Chess.com"]
[Date "2020.05.12"]
[Round "4"]
[White "BogdanBelyakov89"]
[Black "Parhamov"]
[Result "0-1"]
[WhiteElo "2553"]
[BlackElo "3001"]
[TimeControl "180+1"]
[EndTime "10:37:37 PDT"]
[Termination "Parhamov won by resignation"]

1. e4 c5 2. c3 d5 3. exd5 Qxd5 4. Nf3 g6 5. Na3 Nc6 6. Bc4 Qd8 7. O-O Nf6 8. d4 cxd4 9. Nb5 Bg7 10. Nfxd4 Ne5 11.
Bb3 O-O 12. Re1 Ned7 13. Bf4 e5 14. Bxe5 Nxe5 15. Rxe5 a6 16. Na3 b5 17. Qe2 Nh5 18. Nc6 Qc7 19. Ne7+ Kh8 20. Rxh5 gxh5 21. Nd5 Qe5 22.
Qxe5 Bxe5 23. Nc2 Bg7 24. Nce3 Rb8 25. g3 Rd8 26. h4 a5 27. Nf4 a4 28. Bxf7 b4 29.
cxb4 a3 30. Rb1 axb2 31. Bb3 Rxb4 32. Nc4 Bf5 33. Rxb2 Bxb2 34. Nxb2 Rc8 35. Nc4 Rcxc4 0-1

[Event "*** Titled Tuesday Blitz"]
[Site "Chess.com"]
[Date "2020.05.12"]
[Round "4"]
[White "Azoulas1"]
[Black "kingmonkey2006"]
[Result "0-1"]
[WhiteElo "1914"]
[BlackElo "2657"]
[TimeControl "180+1"]
[EndTime "10:37:37 PDT"]
[Termination "kingmonkey2006 won by checkmate"]

1. e4 d6 2. d4 Nd7 3. f4 e5 4.
Nf3 exd4 5. Nxd4 Ngf6 6. Nc3 Be7 7. Be3 O-O 8. g4 Nc5 9. g5 Nfxe4 10. Nxe4 Nxe4 11. Bg2 d5 12. Qd3 c5 13. Nb5 Bf5 14.
O-O-O a6 15. Qxd5 Qxd5 16. Rxd5 g6 17. Re5 axb5 18. Bxe4 Bxe4 19. Rxe4 Rxa2 20. Kd2 Rd8+ 21. Ke2 Bf8 22. Rb1 c4 23. Re5 b4 24. Rb5 c3 25. bxc3 Rxc2+ 26. Kf3 Rxc3 27. Rxb7 Re8 28. Re1 Bc5 29. Rc7 Rcxe3+ 30. Rxe3 Rxe3+ 31. Kf2 Rc3+ 32. Ke2 Bf8 33. Rxc3 bxc3 34. Kd3 Bd6 35. Kxc3 Bxf4 36. h4 Bg3 37. Kd3 Bxh4 38. Ke4 Bxg5 39. Kf3 f5 40. Kg3 h5 41. Kf3 Kg7 42. Kg3 Kf6 43. Kf3 f4 44.
Kg2 Kf5 45. Kf3 h4 46. Kf2 Kg4 47. Kg2 h3+ 48. Kh2 f3 49. Kg1 Bf4 50. Kh1 Bg3 51.
Kg1 f2+ 52. Kf1 h2 53. Ke2 h1=Q 54. Kd3 Qd5+ 55. Ke3 Qf3+ 56. Kd2 f1=Q 57. Kc2 Q1e2+ 58. Kb1 Qff1# 0-1

[Event "*** Titled Tuesday Blitz"]
[Site "Chess.com"]
[Date "2020.05.12"]
[Round "4"]
[White "IMTominho"]
[Black "FelixBlohberger"]
[Result "1-0"]
[WhiteElo "2839"]
[BlackElo "2624"]
[TimeControl "180+1"]
[EndTime "10:37:38 PDT"]
[Termination "IMTominho won by resignation"]

1. d4 Nf6 2. Bg5 e6 3. Nd2 d5 4. Ngf3 Nbd7 5. e3 c5 6. c3 Qc7 7. Bd3 h6 8. Bh4 Bd6 9. O-O O-O 10. Rc1 b6 11. c4 Bb7 12. cxd5 exd5 13. dxc5 bxc5 14.
Bf5 g6 15. Bxd7 Nxd7 16. Bg3 Bxg3 17. hxg3 Qb6 18. Qa4 Rfd8 19. Nb3 Rac8 20. Rfd1 Nf8 21.
Qf4 Kg7 22. Ne5 f6 23. Nf3 Ne6 24. Qa4 Ng5 25. Nxg5 hxg5 26. Qa3 Qb4 27. Nxc5 Qxa3 28. bxa3 1-0

[Event "*** Titled Tuesday Blitz"]
[Site "Chess.com"]
[Date "2020.05.12"]
[Round "4"]
[White "LLRChess"]
[Black "Firouzja2003"]
[Result "0-1"]
[WhiteElo "2555"]
[BlackElo "3148"]
[TimeControl "180+1"]
[EndTime "10:37:38 PDT"]
[Termination "Firouzja2003 won by resignation"]

1. Nf3 d5 2. g3 g6 3. Bg2 Bg7 4. O-O c5 5. d3 Nc6 6. e4 e6 7. exd5 exd5 8. Nc3 Nge7 9. Bf4 h6 10. Re1 g5 11.
Bd2 O-O 12. h3 Ng6 13. Nh2 Be6 14. Rb1 Qd7 15. Qh5 Nd4 16. Ng4 Nf5 17. h4 gxh4 18. Nxh6+ Nxh6 19. Bxh6 hxg3 20. fxg3 Rad8 21. Rxe6 Qxe6 22.
Bxd5 Qf6 23. Bxg7 Kxg7 24. Rf1 Qe5 25. Qxe5+ Nxe5 26. Bxb7 c4 27. dxc4 Nxc4 28. b3 Ne3 29. Rf2 f5 30. Bg2 Ng4 31. Re2 Rfe8 32. Rxe8 Rxe8 33.
Kf1 Re3 34. Ne2 Kf6 35. c4 Rd3 36. Nf4 Rd2 37. Nd5+ Ke5 38. Bf3 Nh2+ 39. Ke1 Nxf3+ 0-1

[Event "*** Titled Tuesday Blitz"]
[Site "Chess.com"]
[Date "2020.05.12"]
[Round "4"]
[White "Funo09"]
[Black "ehrenfeld"]
[Result "1-0"]
[WhiteElo "2724"]
[BlackElo "2499"]
[TimeControl "180+1"]
[EndTime "10:37:38 PDT"]
[Termination "Funo09 won by resignation"]

1. e4 e5 2. Nf3 Nc6 3. Bb5 a6 4. Ba4 Nf6 5. O-O Be7 6. Re1 b5 7. Bb3 d6 8. c3 O-O 9. d4 Bg4 10.
Be3 exd4 11. cxd4 Na5 12. h3 Nxb3 13. axb3 Bh5 14. Nbd2 c5 15. g4 Bg6 16. Nh4 d5 17.
Nxg6 hxg6 18. e5 Nd7 19. f4 cxd4 20. Bxd4 Bc5 21. Nf3 Qe7 22. Kg2 Bxd4 23. Qxd4 Nc5 24. Qb4 Qa7 25. Rad1 Rad8 26. Qd4 Qe7 27. f5 gxf5 28.
gxf5 Nxb3 29. f6 Qe6 30. Qe3 1-0

[Event "*** Titled Tuesday Blitz"]
[Site "Chess.com"]
[Date "2020.05.12"]
[Round "4"]
[White "TudorAnton"]
[Black "Mikhail_Biryukov"]
[Result "1-0"]
[WhiteElo "2487"]
[BlackElo "2646"]
[TimeControl "180+1"]
[EndTime "10:37:39 PDT"]
[Termination "TudorAnton won by resignation"]

1. d4 Nf6 2. c4 e6 3. Nc3 Bb4 4. Nf3 d5 5. Qa4+ Nc6 6. e3 O-O 7. Be2 a6 8. cxd5 exd5 9. O-O Re8 10. a3 Bf8 11. b4 Bg4 12. Bb2 Ne4 13. Qc2 Bf5 14.
Bd3 Bg6 15. Nd2 Nxc3 16. Bxc3 Bxd3 17. Qxd3 Nb8 18. a4 Nd7 19. b5 Nf6 20. h3 Ne4 21. Nxe4 dxe4 22. Qc4 Bd6 23. Bb4 Re6 24. Bxd6 cxd6 25.
bxa6 Rxa6 26. d5 Re5 27. Rab1 Qa8 28. Rfc1 g6 29. Rb4 Kg7 30. Qd4 Ra5 31. Rc7 Rxd5 32. Qa1 b5 33. Rxe4 Kg8 34. Rf4 Rf5 35. Qc3 Rc5 36. Rxc5 Rxc5 37. Qf6 Rc7 38. axb5 Qd5 39. Qd8+ 1-0

[Event "*** Titled Tuesday Blitz"]
[Site "Chess.com"]
[Date "2020.05.12"]
[Round "4"]
[White "Oligan22"]
[Black "today_good_day"]
[Result "1-0"]
[WhiteElo "2396"]
[BlackElo "2095"]
[TimeControl "180+1"]
[EndTime "10:37:39 PDT"]
[Termination "Oligan22 won by resignation"]

1. e4 c5 2. Nf3 d6 3. d4 cxd4 4.
Nxd4 Nf6 5. Nc3 Nc6 6. f4 e5 7.
Nf3 Be7 8. Bd3 a6 9. O-O exf4 10. Bxf4 O-O 11. Kh1 Be6 12. a3 b5 13. Qe1 d5 14.
e5 Nd7 15. Qg3 g6 16. Rae1 b4 17. axb4 Nxb4 18. Ng5 Nxd3 19. cxd3 Nc5 20. d4 Nb3 21. Rd1 Qb6 22. Qh4 h5 23. Qg3 Kg7 24. Qe3 Rh8 25.
Nxe6+ fxe6 26. Bg5 Bxg5 27. Qxg5 Raf8 28. Qe7+ Kh6 29.
Rxf8 1-0

[Event "*** Titled Tuesday Blitz"]
[Site "Chess.com"]
[Date "2020.05.12"]
[Round "4"]
[White "Gareth-Bale11"]
[Black "Anna_ChessMate"]
[Result "1-0"]
[WhiteElo "2716"]
[BlackElo "2494"]
[TimeControl "180+1"]
[EndTime "10:37:43 PDT"]
[Termination "Gareth-Bale11 won by resignation"]

1. d4 Nf6 2. c4 g6 3. Nc3 d5 4. Bg5 Ne4 5. Bh4 Nxc3 6. bxc3 Bg7 7. e3 c6 8. Nf3 O-O 9. Bd3 Re8 10. O-O Bg4 11. Rb1 b6 12. cxd5 cxd5 13. c4 Nc6 14. h3 Bf5 15. Bxf5 gxf5 16. Qc2 dxc4 17. Qxf5 h6 18. d5 Na5 19. e4 e6 20. Qg4 f5 21.
exf5 exf5 22. Qxf5 Qc8 23. Qg6 c3 24. Nd4 Qd7 25. Nf5 Rf8 26. Ne7+ Kh8 27. Rfe1 Nc4 28. Re6 Rf4 29. Qh5 Kh7 30. Rxh6+ Bxh6 31. Qg6+ 1-0

[Event "*** Titled Tuesday Blitz"]
[Site "Chess.com"]
[Date "2020.05.12"]
[Round "4"]
[White "marianokar"]
[Black "GregShahade"]
[Result "1-0"]
[WhiteElo "2380"]
[BlackElo "2548"]
[TimeControl "180+1"]
[EndTime "10:37:43 PDT"]
[Termination "marianokar won by resignation"]

1. e4 e5 2. Nf3 Nc6 3. Bb5 a6 4. Ba4 Nf6 5. O-O Be7 6. Re1 b5 7. Bb3 O-O 8. d3 d6 9. c3 Na5 10. Bc2 c5 11. Nbd2 Nc6 12. Nf1 Re8 13. Ng3 Bf8 14.
h3 h6 15. d4 cxd4 16. cxd4 exd4 17. Nxd4 Nxd4 18. Qxd4 Bb7 19. Bf4 Rc8 20. Bb3 d5 21. e5 Bc5 22. Qd3 Ne4 23. Nxe4 dxe4 24. Qg3 Kh8 25. Rad1 Qb6 26. Bxf7 Rf8 27. e6 Rxf7 28.
exf7 Qf6 29. Rd7 Bc6 30. Be5 Qxf2+ 31. Qxf2 Bxf2+ 32. Kxf2 Bxd7 33. Bd6 1-0

[Event "*** Titled Tuesday Blitz"]
[Site "Chess.com"]
[Date "2020.05.12"]
[Round "4"]
[White "Piotrek1979"]
[Black "Shubinkirill2003"]
[Result "0-1"]
[WhiteElo "2338"]
[BlackElo "2588"]
[TimeControl "180+1"]
[EndTime "10:37:44 PDT"]
[Termination "Shubinkirill2003 won by resignation"]

1. e4 e6 2. d4 d5 3. Nd2 Be7 4. Ngf3 Nf6 5. Bd3 c5 6. exd5 exd5 7. dxc5 Bxc5 8. O-O O-O 9. Nb3 Bb6 10. Bg5 h6 11. Bh4 Bg4 12. h3 Bh5 13. g4 Bg6 14. Bxg6 fxg6 15. g5 Ne4 16. gxh6 g5 17. hxg7 Rf7 18.
Nxg5 Nxg5 19. Bxg5 Qxg5+ 20. Kh1 Qf5 21. Qd3 Qxd3 22.
cxd3 Nc6 23. Rae1 Rxg7 24. f4 Rf8 25. f5 Rgf7 26. Rg1+ Kh7 27. Rg4 Rxf5 28. Re6 Rf1+ 29. Kh2 R8f2+ 30. Kg3 Rg1+ 31. Kh4 Bd8+ 32. Kh5 Rf5+ 0-1

[Event "*** Titled Tuesday Blitz"]
[Site "Chess.com"]
[Date "2020.05.12"]
[Round "4"]
[White "Egor_Pakhomov"]
[Black "Godzillator"]
[Result "0-1"]
[WhiteElo "2616"]
[BlackElo "2467"]
[TimeControl "180+1"]
[EndTime "10:37:46 PDT"]
[Termination "Godzillator won on time"]

1. d4 d5 2. Nf3 Nf6 3. c4 c6 4. Nc3 a6 5. Ne5 Nbd7 6. Nxd7 Qxd7 7. e3 b5 8. cxd5 cxd5 9. a4 b4 10. Nb1 e6 11. a5 Bd6 12. Nd2 O-O 13. Be2 Bb7 14. O-O Bc6 15. Nb3 Bb5 16. Bd2 Ne4 17.
f3 Nxd2 18. Qxd2 Bc4 19. Qc2 Rfc8 20. Rfc1 Qb5 21. Bd1 Rc7 22. Qf2 Rac8 23. Nd2 Bd3 24. Rxc7 Rxc7 25. Ba4 Qxa5 26. e4 Bb5 27. e5 Bf8 28.
Nb3 Qb6 29. Bxb5 Qxb5 30. Qf1 Qxf1+ 31. Kxf1 Rc2 32. Rxa6 Rxb2 33. Nc5 Bxc5 34. dxc5 g5 35. c6 Rc2 36. Rb6 b3 37. Rxb3 Rxc6 38. Kf2 Rc2+ 39.
Kg3 Re2 0-1

[Event "*** Titled Tuesday Blitz"]
[Site "Chess.com"]
[Date "2020.05.12"]
[Round "4"]
[White "TERMINATOR_PC"]
[Black "PetrolulSah"]
[Result "1-0"]
[WhiteElo "2456"]
[BlackElo "2282"]
[TimeControl "180+1"]
[EndTime "10:37:47 PDT"]
[Termination "TERMINATOR_PC won by resignation"]

1. e4 e5 2. Nf3 Nc6 3. d4 exd4 4. Bc4 Nf6 5. Ng5 d5 6. exd5 Nxd5 7. O-O Be7 8. Nxf7 Kxf7 9. Qf3+ Bf6 10. Bxd5+ Be6 11. Bxe6+ Kxe6 12. Re1+ Ne5 13. Bf4 Qd5 14. Bxe5 Bxe5 15.
Nd2 Rhf8 16. Qh3+ Kd6 17. Qxh7 Rh8 18. Qg6+ Kc5 19. b4+ Kxb4 20. Rab1+ Ka4 21. h3 Rh6 22. Qd3 a6 23. Nc4 1-0

[Event "*** Titled Tuesday Blitz"]
[Site "Chess.com"]
[Date "2020.05.12"]
[Round "4"]
[White "GameOverBro"]
[Black "Richarzard69"]
[Result "1-0"]
[WhiteElo "2491"]
[BlackElo "2265"]
[TimeControl "180+1"]
[EndTime "10:37:48 PDT"]
[Termination "GameOverBro won by resignation"]

1. e4 e6 2. d4 d5 3. Nd2 Nf6 4. e5 Nfd7 5. f4 c5 6. c3 Nc6 7. Ndf3 Qb6 8. a3 f6 9. Bd3 Be7 10. Ne2 O-O 11. h4 cxd4 12. cxd4 fxe5 13. fxe5 Kh8 14. Bc2 Qd8 15. Qd3 g6 16. h5 Rxf3 17.
gxf3 Ndxe5 18. dxe5 Nxe5 19. Qe3 Nc4 20. Qh6 Bf8 21. Qg5 Be7 22. Qg3 g5 23. b3 Qa5+ 24.
b4 Bxb4+ 25. Kf1 Bd2 26. h6 Ne3+ 27. Kg1 d4 28. Bxd2 Qc5 29. Bxe3 dxe3 30. Rd1 e5 31. Rd8+ 1-0

[Event "*** Titled Tuesday Blitz"]
[Site "Chess.com"]
[Date "2020.05.12"]
[Round "4"]
[White "Bagirova"]
[Black "rst2003"]
[Result "1-0"]
[WhiteElo "2192"]
[BlackElo "2447"]
[TimeControl "180+1"]
[EndTime "10:37:48 PDT"]
[Termination "Bagirova won by resignation"]

1. d4 Nf6 2. Nf3 g6 3. Bf4 b6 4. e3 Bb7 5. Be2 d6 6. h3 Nbd7 7. O-O c5 8. c4 Ne4 9. Nc3 Nxc3 10. bxc3 Bg7 11. Bh2 O-O 12. a4 Nf6 13. Qc2 Be4 14.
Qb2 Rb8 15. d5 Bxf3 16. Bxf3 Nd7 17. e4 a6 18. Be2 Qc7 19. Rab1 Be5 20. f4 Bg7 21.
Qc2 f5 22. exf5 Rxf5 23. Bg4 Rff8 24. Rbe1 Nf6 25. Be6+ Kh8 26. f5 g5 27. h4 gxh4 28.
Qf2 b5 29. axb5 axb5 30. cxb5 Rxb5 31. Qxh4 c4 32. Rf3 Nxd5 33. Rh3 h6 34. Bxd5 Rxd5 35. Bf4 Rf6 36. Bg5 Rdxf5 37. Bxf6 Rxf6 38. Rg3 e5 39. Re4 d5 40. Reg4 Bf8 41. Qxf6+ 1-0